 Dungeon Crawl Stone Soup version 0.30-b1-2-g02819fbbbe (webtiles) character file.

Game seed: 12158824361707969985

11 Alarkh the Vexing (level 2, 21/21 HPs)
             Began as a Demonspawn Hexslinger on July 8, 2023.
             Got out of the dungeon alive.
             The game lasted 00:00:59 (505 turns).

Alarkh the Vexing (Demonspawn Hexslinger)            Turns: 505, Time: 00:01:00

Health: 21/21      AC:  4    Str: 10    XL:     2   Next: 13%
Magic:  3/3        EV: 12    Int: 14    God:
Gold:   16         SH:  0    Dex: 13    Spells: 2/3 levels left

rFire   . . .        a - +1 sling
rCold   . . .        (no shield)
rNeg    . . .        c - +0 robe
rPois   .            (no helmet)
rElec   .            (no cloak)
rCorr   .            (no gloves)
SInv    .            (no boots)
Will    .....        (no amulet)
Stlth   +            (no ring)
HPRegen 0.23/turn    (no ring)
MPRegen 0.08/turn

%: no passive effects
@: no status effects
A: slimy green scales 1
a: no special abilities


You escaped.
You visited 1 branch of the dungeon, and saw 1 of its levels.

You collected 16 gold pieces.

Inventory:

Hand Weapons
 a - a +1 sling (weapon)
Armour
 c - a +0 robe (worn)
Scrolls
 b - a scroll of poison
 d - 4 scrolls of identify {unknown}
 e - 2 scrolls of teleportation {unknown}
 g - a scroll of immolation {unknown}
Potions
 f - 2 potions of heal wounds {unknown}


   Skills:
 + Level 1.4 Fighting
 * Level 2.3 Ranged Weapons
 - Level 1.7 Dodging
 - Level 1.0 Spellcasting
 - Level 3.0 Hexes


You had 2 spell levels left.
You knew the following spells:

 Your Spells              Type           Power      Damage    Failure   Level
a - Slow                  Hex            36%        N/A       8%          1

Your spell library contained the following spells:

 Spells                   Type           Power      Damage    Failure   Level
 Inner Flame              Hex/Fire       4%         N/A       38%         3
 Portal Projectile        Hex/Tloc       8%         N/A       38%         3
 Cause Fear               Hex            4%         N/A       58%         4


Dungeon Overview and Level Annotations

Branches:
Dungeon (1/15)

Altars:


Innate Abilities, Weirdness & Mutations

You are partially covered in slimy green scales. (AC +2)


Message History

Your demonic ancestry asserts itself...
Slimy green scales grow over part of your body.
Unknown command.
An endoplasm is nearby!
You shoot a sling bullet. The sling bullet hits the endoplasm.
You kill the endoplasm!
No target in view!
You can't go up here!
No target in view!
Unknown command.
Unknown command.
Unknown command.
Unknown command.
Unknown command.
An endoplasm comes into view.
Unknown command.
An endoplasm is nearby!
You can't go up here!
An endoplasm is nearby!
Unknown command.
Unknown command.
Unknown command.
You shoot a sling bullet. The sling bullet hits the endoplasm.
You kill the endoplasm!
Unknown command.
No target in view!
No target in view!
Unknown command.
As you open the door, it creaks loudly!
You can't go up here!
Unknown command.
Unknown command.
Unknown command.
Unknown command.
Unknown command.
Unknown command.
There is an open door here.
There is a staircase leading out of the dungeon here.
Are you sure you want to leave the Dungeon?
This will make you lose the game!
You have escaped!

#.# ##.......## #### ##.##
##...#.##..## #.). ###...##
##...##..#...###.## .#..†..#
##...###..#.#..##...
.##...########...## #....##..####
.###.#.......#..## #.##.###..###
.###.#.#######...####.##.# ##..##
.......# #....#......# ##...
.###.### ##.@.#.####.# ##.. .#
#.# #....#......# ##... .#
#.###### #...####^#..# ##..##
####......# #..## #.##.###..###
#.....###.# ##..## #.#..##..###.
#.....# #.# #...###..#.#..## #.
#.....# #.# ##...##..#...## ..
......# #.# ##...#.##..#### #.
#.....###.########.......##....#.


There were no monsters in sight!

Vanquished Creatures
  3 endoplasms (D:1)
  A goblin (D:1)
  A hobgoblin (D:1)
  A quokka (D:1)
  A frilled lizard (D:1)
  3 rats (D:1)
10 creatures vanquished.

Notes
Turn   | Place    | Note
-------+----------+-------------------------------------------
     0 | D:1      | Alarkh the Demonspawn Hexslinger began the quest for the
                  | Orb.
     0 | D:1      | Reached XP level 1. HP: 15/15 MP: 2/2
    51 | D:1      | Found a faded altar of an unknown god.
   409 | D:1      | Gained mutation: You are partially covered in slimy green
                  | scales. (AC +2) [demonic ancestry]
   409 | D:1      | Reached XP level 2. HP: 21/21 MP: 3/3
   505 | D:$      | Got out of the dungeon alive.

Illustrated notes

Levels and vault maps discovered:
D:1:      dpeg_chamrin_arrival_tetris, layout_loops_corners,
          shapermc_ecumenical_altar_ellora

Skill      XL: |  1 |
---------------+----+-----
Ranged Weapons | 2 |  2.3
Fighting       | |  1.4
Dodging        | |  1.7
Spellcasting   | |  1.0
Hexes          | |  3.0

Action                     || total
---------------------------++-------
   Fire: Sling             ||    23
  Dodge: Dodged            ||     1
